 Dungeon Crawl Stone Soup version 0.17-a0-1115-g0372368 (webtiles) character file.

107 HeyJoe the Chopper (level 4, -1/40 HPs)
             Began as a Deep Dwarf Fighter on May 22, 2015.
             Killed by nerve-wracking pain
             ... invoked by an orc priest
              (9 damage)
             ... on level 3 of the Dungeon.
             The game lasted 00:06:18 (1615 turns).

HeyJoe the Chopper (Deep Dwarf Fighter)             Turns: 1615, Time: 00:06:18

Health: -1/40      AC:  3    Str: 20 (21) XL:     4   Next: 57%
Magic:  6/6        EV:  7    Int:  8      God:
Gold:   100        SH:  9    Dex: 12      Spells: 0 memorised, 3 levels left

rFire  . . .     SeeInvis .     a - +0 war axe
rCold  . . .     Clarity  .     g - +0 scale mail (curse)
rNeg   . . .     SustAt   .     c - +0 shield
rPois  .         Gourm    .     (no helmet)
rElec  .         Spirit   .     (no cloak)
rCorr  .         Warding  .     (no gloves)
rMut   .         Stasis   .     (no boots)
MR     .....                    (no amulet)
Stlth  ..........               (no ring)
                                (no ring)

@: non-regenerating, not resistant to hostile enchantments, extremely unstealthy
A: damage resistance, recharge devices, blurry vision 1, deformed body, sense
surroundings 1, slow healing 3, evolution 1
a: Device Recharging


You were on level 3 of the Dungeon.
You were not hungry.

You visited 1 branch of the dungeon, and saw 3 of its levels.

You collected 100 gold pieces.

Inventory:

Hand weapons
 a - a +0 war axe (weapon)
Armour
 c - a +0 shield (worn)
 g - a cursed +0 scale mail (worn)
Magical devices
 b - a wand of enslavement (8)
 e - a wand of heal wounds (3)
 l - a wand of polymorph (11)
Scrolls
 h - a scroll of blinking {unknown}
 j - 2 scrolls of enchant armour {unknown}
 n - 2 scrolls of remove curse {unknown}
 s - a scroll of magic mapping {unknown}
 v - a scroll of identify {unknown}
Potions
 d - a potion of might
 m - 2 potions of lignification
Comestibles
 f - 2 bread rations
 i - a royal jelly
 k - a slice of pizza
 o - a beef jerky
 p - 2 chunks of flesh
 t - 4 fruits
 u - 2 meat rations


   Skills:
 - Level 2.6 Fighting
 + Level 4.2 Axes
 - Level 3.2 Armour
 - Level 3.2 Shields
 + Level 3.6 Evocations


You had 3 spell levels left.
You didn't know any spells.

Dungeon Overview and Level Annotations

Branches:
Dungeon (3/15)

Altars:
The Shining One


Innate Abilities, Weirdness & Mutations

You are resistant to damage.
You can recharge devices by infusing magical energy.
You passively map a small area around you.
You do not heal naturally.
Scrolls take you a little longer to read.
Armour fits poorly on your strangely shaped body.
You evolve.


Message History

You are no longer poisoned.
An orc priest comes into view. It is wielding a flail.
The orc priest invokes the aid of Beogh against you.
Pain shoots through your body! The orc priest hits you with a flail.
You slash the orc priest!
The orc priest is heavily wounded.
The orc priest hits you with a flail!
You hit the orc priest.
The orc priest is heavily wounded.
The orc priest hits you with a flail!
* * * LOW HITPOINT WARNING * * *
You hit the orc priest but do no damage.
The orc priest is heavily wounded.
You block the orc priest's attack.
You hit the orc priest.
The orc priest is almost dead.
The orc priest calls down the wrath of Beogh upon you.
Pain shoots through your body!
You die...

#.# #.# #..#####.##### ##'##
#.####..##........# #...##
#.......##.##.###.# .)...##
######.###.##.###.# # ......##
##.###.# #.##..#..# ##
.......####...##.###.###....####.
.......'.......................'.
.......####...##.###........####.
...^..## ##.###@###<.......# ##
.....## ##..o...#.###..### #
#...## #.##.#.#.# #..# ##'##
#.##)#.#.####.# ##.##
##.##.#.#......# #...#
#.....#.######.##### ..#.#
#..####.##.........# #..)## #..#
#.##.###.###.# ...<.#
#..####.##.# #.# #.#


You could see an orc priest.

Vanquished Creatures
  Jessica (D:3)
  4 adders
  A worm (D:3)
  3 giant geckos
  An orc (D:3)
  2 giant cockroaches
  3 hobgoblins (D:1)
  9 jackals
  5 bats
  3 giant newts
  3 goblins
  6 kobolds
  4 rats
45 creatures vanquished.

Notes
Turn   | Place    | Note
--------------------------------------------------------------
     0 | D:1      | HeyJoe the Deep Dwarf Fighter began the quest for the Orb.
     0 | D:1      | Reached XP level 1. HP: 20/20 MP: 1/1
    63 | D:1      | Reached skill level 1 in Evocations
    76 | D:1      | Reached XP level 2. HP: 24/27 MP: 2/2
   255 | D:1      | Found a glowing golden altar of the Shining One.
   681 | D:2      | Reached XP level 3. HP: 20/33 MP: 4/4
  1004 | D:3      | Gained mutation: Scrolls take you a little longer to read. [potion of mutation]
  1004 | D:3      | Gained mutation: Armour fits poorly on your strangely shaped body. [potion of mutation]
  1004 | D:3      | Gained mutation: You evolve. [potion of mutation]
  1234 | D:3      | Noticed Jessica
  1244 | D:3      | Killed Jessica
  1244 | D:3      | Reached skill level 4 in Axes
  1244 | D:3      | Reached XP level 4. HP: 3/40 MP: 6/6
  1615 | D:3      | Killed from afar by an orc priest

Vault maps used:
D:1:      roderic_chinese_lattice_arrival, tso_metal_star
D:3:      lemuel_flame_loot_1, uniq_jessica

Action                   |  1- 3 |  4- 6 || total
-------------------------+-------+-------++-------
Melee: War axe           |   133 |    39 ||   172
Evoke: Wand              |       |     2 ||     2
  Use: Potion            |     7 |       ||     7
  Eat: Chunk             |     1 |     2 ||     3
